 Dungeon Crawl Stone Soup version 0.29.1-1-gd02db69 (webtiles) character file.

Game seed: 17614625575352636653

7748 Jakhammer1 the Protected (level 11, -13/103 HPs)
             Began as a Gargoyle Fighter on Oct 27, 2022.
             Was an Initiate of the Shining One.
             Mangled by a two-headed ogre
             ... wielding a +0 giant club
              (15 damage)
             ... on level 8 of the Dungeon.
             The game lasted 00:39:49 (12966 turns).

Jakhammer1 the Protected (Gargoyle Fighter)        Turns: 12966, Time: 00:39:50

Health: -13/103    AC: 29    Str: 23    XL:     11   Next: 20%
Magic:  14/16      EV:  2    Int: 16    God:    the Shining One [......]
Gold:   784        SH: 14    Dex:  9    Spells: 10/10 levels left

rFire   . . .      SeeInvis .   H - +0 broad axe
rCold   . . .      Faith    .   c - +0 buckler
rNeg    + . .      Spirit   .   (body armour currently unavailable)
rPois   ∞          Reflect  .   (helmet currently unavailable)
rElec   .          Harm     .   (cloak currently unavailable)
rCorr   .          Rampage  .   (gloves currently unavailable)
Will    .....      NoTele   +   (boots currently unavailable)
Stlth   +.........              (no amulet)
HPRegen 0.27/turn               E - +4 ring of protection
MPRegen 0.15/turn               C - +6 ring of intelligence

@: brilliant, divinely shielded, tree-form, glowing, studying Throwing
A: stationary, stasis, torment immunity, boosted hp, sickness immunity, AC +8,
negative energy resistance 1, (electricity resistance), torment resistance 1,
petrification resistance
a: Renounce Religion


You were on level 8 of the Dungeon.
You worshipped the Shining One.
The Shining One was noncommittal.
You were a tree.
You visited 2 branches of the dungeon, and saw 10 of its levels.
You also visited: Bailey.

You collected 1060 gold pieces.
You spent 276 gold pieces at shops.

Inventory:

Hand Weapons
 m - a +4 war axe
 q - a +0 sling
 H - a +0 broad axe (weapon)
Missiles
 s - 77 stones (quivered)
 F - 9 throwing nets
Armour
 b - a +0 pair of gloves (melded)
 c - a +0 buckler (worn)
 p - a +0 plate armour (melded)
 x - a +0 helmet (melded)
 A - a +0 pair of boots (melded)
 M - +0 steam dragon scales
Jewellery
 d - an amulet of magic regeneration
 i - a ring of positive energy
 y - an amulet of guardian spirit
 z - a ring of magical power
 C - a +6 ring of intelligence (right branch)
 E - a +4 ring of protection (left branch)
Wands
 a - a wand of polymorph (7)
 K - a wand of paralysis (11)
 L - a wand of flame (39)
 O - a wand of light (4)
Scrolls
 e - 3 scrolls of blinking {unknown}
 f - a scroll of noise {unknown}
 g - 9 scrolls of teleportation {unknown}
 h - a scroll of immolation {unknown}
 j - 3 scrolls of amnesia {unknown}
 k - 3 scrolls of fear {unknown}
 l - 4 scrolls of vulnerability {unknown}
 n - 7 scrolls of identify {unknown}
 o - 2 scrolls of silence {unknown}
 r - a scroll of brand weapon {unknown}
 t - 2 scrolls of enchant armour {unknown}
 w - 2 scrolls of fog {unknown}
 D - a scroll of enchant weapon {unknown}
 I - a scroll of summoning {unknown}
 N - a scroll of magic mapping {unknown}
Potions
 u - 2 potions of brilliance
 v - a potion of lignification
 B - a potion of magic {unknown}
 G - a potion of ambrosia {unknown}
 J - a potion of degeneration {unknown}
 P - a potion of flight {unknown}


   Skills:
 + Level 8.9 Fighting
 + Level 7.1 Axes
 + Level 5.2 Throwing
 + Level 9.0 Armour
 + Level 9.0 Shields
 + Level 7.2 Invocations


You had 10 spell levels left.
You didn't know any spells.
Your spell library contained the following spells:

 Spells                   Type           Power      Damage    Failure   Level
 Leda's Liquefaction      Hex/Erth       0%         N/A       97%         4
 Lee's Rapid Deconstruct  Erth           0%         3d5*      100%        5
 Statue Form              Tmut/Erth      Unusable   N/A       N/A         6

Dungeon Overview and Level Annotations

Branches:
Dungeon (9/15)             Temple (1/1) D:4          Bailey (visited)
   Lair: D:8-11         Orc: D:9-12

Altars:
Ashenzari
Cheibriados
Elyvilon
Fedhas
Gozag
Kikubaaqudgha
Makhleb
Nemelex Xobeh
Okawaru
Qazlal
Ru
Sif Muna
Trog
Uskayaw
Vehumet
Wu Jian
Xom
Yredelemnul
Zin
The Shining One

Shops:
D:1 (   D:5 !


Innate Abilities, Weirdness & Mutations

You are a tree.
Your roots penetrate the ground, keeping you stationary.
You cannot be teleported.
You are immune to unholy pain and torment.
Your maximum health is greatly increased.
Your equipment is partially melded.
You are immune to sickness and miasma.
((Your stone body is resilient. (AC +8)))
You are immune to poison.
You resist negative energy. (rN+)
((You are resistant to electric shocks. (rElec)))
You are resistant to unholy torment.
You are immune to petrification.


Message History

It was a potion of brilliance.
You feel clever all of a sudden. You block the orc's attack.
It was a potion of lignification.
You turn into a tree.
Your +0 helmet melds into your body.
Your +0 pair of gloves melds into your body.
Your +0 pair of boots melds into your body.
Your +0 plate armour melds into your body.
Your roots penetrate the ground.
You block the two-headed ogre's attack.
The two-headed ogre hits you with a +0 giant club.
* * * LOW HITPOINT WARNING * * *
The orc hits you with a +0 whip.
* * * LOW HITPOINT WARNING * * *
You hit the two-headed ogre.
The two-headed ogre is lightly wounded.
You slash the orc!
You kill the orc!
The two-headed ogre hits you with a +0 giant club!
The Shining One protects you from harm!
The two-headed ogre hits you but does no damage.
You hit the two-headed ogre but do no damage.
The two-headed ogre is lightly wounded.
The two-headed ogre hits you with a +0 giant club.
* * * LOW HITPOINT WARNING * * *
The two-headed ogre hits you but does no damage.
You slash the two-headed ogre!
The two-headed ogre is moderately wounded.
You slash the two-headed ogre!
The two-headed ogre is heavily wounded.
The two-headed ogre hits you but does no damage.
You block the two-headed ogre's attack.
You hit the two-headed ogre.
The two-headed ogre is severely wounded.
The two-headed ogre hits you with a +0 giant club.
* * * LOW HITPOINT WARNING * * *
The two-headed ogre hits you but does no damage.
You hit the two-headed ogre.
The two-headed ogre is severely wounded.
The two-headed ogre hits you with a +0 giant club!
You die...

#.##.....# #####.# #.####.### #.#
#.# #...# #.# #.# #...##### #.#
..# #...#...###.# ##
#.#####.#.###.##.########## #.
##........###...oo........# #.
#.#####.#.....##O####.###.######(
.## #.#..)..##♣####.###.#......
## ##.#.)∩).##)#...)......####. #
#.....)..##.#.##.###.### #.
##.##.....##.#.##.###.# #.
#...###..###..........# ## #...#
##.# ###.####'### #
#...###..#####.##.....## #
#...........####...8...## #
#####.............#.........#


You could see a two-headed ogre, an orc priest and an orc.

Vanquished Creatures
  Pikel (D:8)
  An ugly thing (D:7)
  Joseph (D:6)
  Psyche (D:8)
  Maggie (D:8)
  Prince Ribbit (D:6)
  Sigmund (D:6)
  4 yaks (D:8)
  A wyvern (D:8)
  A vampire mosquito (D:7)
  4 steam dragons
  3 water moccasins
  Duvessa (D:5)
  9 orc warriors
  An ice beast (D:8)
  2 ogres
  A lemure (D:8)
  7 kobold brigands
  2 bullfrogs
  2 scorpions
  A necrophage (D:5)
  3 gnoll sergeants
  5 wights (D:6)
  Dowan (D:5)
  An electric eel (D:8)
  7 hounds
  5 jellies
  6 orc priests
  4 gnoll boudas
  Jessica (D:2)
  8 orc wizards
  4 iguanas
  7 adders
  28 gnolls
  A shadow imp (D:6)
  2 white imps
  3 ufetubi
  2 worms
  3 dart slugs (D:1)
  39 orcs
  6 ball pythons
  4 bats
  7 endoplasms
  3 giant cockroaches
  2 goblins
  6 hobgoblins
  7 jackals
  20 kobolds
  A quokka (D:2)
  4 frilled lizards
  6 rats
242 creatures vanquished.

Vanquished Creatures (others)
  A yak (D:8)
1 creature vanquished.

Grand Total: 243 creatures vanquished

Notes
Turn   | Place    | Note
-------+----------+-------------------------------------------
     0 | D:1      | Jakhammer1 the Gargoyle Fighter began the quest for the
                  | Orb.
     0 | D:1      | Reached XP level 1. HP: 14/14 MP: 1/1
    50 | D:1      | Reached XP level 2. HP: 19/19 MP: 2/2
   215 | D:1      | Found Fittacar's Antique Weapon Boutique.
   561 | D:1      | Reached XP level 3. HP: 20/23 MP: 3/3
   846 | D:1      | Found a faded altar of an unknown god.
  1543 | D:2      | Reached XP level 4. HP: 23/29 MP: 4/4
  1862 | D:2      | Noticed Jessica
  1875 | D:2      | Killed Jessica
  1876 | D:2      | Reached XP level 5. HP: 25/33 MP: 5/5
  3215 | D:3      | Found a bloodstained altar of Trog.
  3288 | D:3      | Reached XP level 6. HP: 32/39 MP: 6/6
  3441 | D:3      | Found a burning altar of Makhleb.
  3441 | D:3      | Noticed an Executioner
  4222 | D:4      | HP: 1/40 [ogre/+0 giant club (13)]
  4523 | D:4      | Reached skill level 5 in Fighting
  4523 | D:4      | Reached skill level 5 in Armour
  4656 | D:4      | Reached skill level 5 in Shields
  4667 | D:4      | Reached XP level 7. HP: 7/44 MP: 7/7
  5675 | D:4      | Found a staircase to the Ecumenical Temple.
  5683 | Temple   | Entered the Ecumenical Temple
  6278 | Temple   | Became a worshipper of Elyvilon the Healer
  6554 | D:5      | Entered Level 5 of the Dungeon
  6903 | D:5      | Reached skill level 1 in Invocations
  7037 | D:5      | Reached * piety under Elyvilon
  7405 | D:5      | Reached XP level 8. HP: 47/51 MP: 9/9
  7654 | D:5      | Found Leffiytu's Distillery.
  7659 | D:5      | Bought a potion of heal wounds for 60 gold pieces
  7659 | D:5      | Bought a potion of heal wounds for 60 gold pieces
  7659 | D:5      | Bought a potion of curing for 36 gold pieces
  7659 | D:5      | Bought 2 potions of heal wounds for 120 gold pieces
  8246 | D:6      | Reached skill level 5 in Axes
  8246 | D:6      | Reached XP level 9. HP: 29/56 MP: 11/11
  8492 | D:6      | Found a stormy altar of Qazlal.
  8505 | D:6      | Noticed Prince Ribbit
  8541 | D:6      | Killed Prince Ribbit
  8700 | D:6      | Noticed Sigmund
  8701 | D:6      | Noticed Duvessa
  8703 | D:6      | Noticed Dowan
  9231 | D:5      | Killed Dowan
  9233 | D:5      | Killed Duvessa
  9314 | D:6      | Killed Sigmund
  9315 | D:6      | Reached skill level 5 in Invocations
  9459 | D:6      | Reached ** piety under Elyvilon
  9756 | D:7      | Noticed Joseph
  9984 | D:6      | Killed Joseph
 10277 | D:7      | Reached XP level 10. HP: 64/64 MP: 14/14
 10388 | D:7      | Reached skill level 1 in Throwing
 10470 | D:7      | Noticed a green ugly thing
 10513 | D:7      | Killed a green ugly thing
 11015 | D:7      | Found a glowing golden altar of the Shining One.
 11134 | D:7      | Fell from the grace of Elyvilon
 11134 | D:7      | Became a worshipper of the Shining One
 11134 | D:7      | Reached * piety under the Shining One
 11170 | D:8      | Noticed Psyche
 11185 | D:8      | Killed Psyche
 11439 | D:8      | Noticed Maggie
 11441 | D:8      | Paralysed by Maggie for 5 turns
 11461 | D:8      | Killed Maggie
 11485 | D:8      | Found a sparkling altar of Nemelex Xobeh.
 11485 | D:8      | Found an opulent altar of Gozag.
 11501 | D:8      | Found a flagged portal.
 11506 | D:8      | Identified the +3 hand axe of Theory {drain, rC++ rCorr
                  | Int+3}
 11509 | Bailey   | Entered a bailey
 12013 | Bailey   | Found a bloodstained altar of Trog.
 12101 | D:8      | Noticed Pikel
 12103 | D:8      | Reached XP level 11. HP: 46/69 MP: 13/16
 12113 | D:8      | Killed Pikel
 12116 | D:8      | Reached skill level 5 in Throwing
 12951 | D:9      | Noticed a two-headed ogre
 12961 | D:8      | The Shining One protects you from harm!
 12962 | D:8      | HP: 4/103 [two-headed ogre/+0 giant club (2)]
 12965 | D:8      | HP: 1/103 [two-headed ogre/+0 giant club (4)]
 12966 | D:8      | Mangled by a two-headed ogre

Illustrated notes

Levels and vault maps discovered:
D:1:      amcnicky_arrival_choice, layout_loops_ring, serial_shops,
          nicolae_diamond_shop, shapermc_ecumenical_altar_ellora
D:2:      layout_loops_cross, uniq_jessica
D:3:      layout_basic, makhleb_altar_promises_db, bloody_trog
D:4:      layout_loops_ring, minmay_temple_entry_purple_smoke
D:5:      layout_cave_pools, serial_gnoll_camp, gnoll_camp_medium_02,
          gnoll_camp_medium_01, gnoll_camp_mini_shop, gnoll_camp_mini_hut
D:6:      layout_cave_pools, grunt_qazlal_clouds, kennysheep_generic_room_13,
          uniq_duvessa, uniq_prince_ribbit1, uniq_sigmund
D:7:      layout_rooms, tso_metal_star, minmay_manual_monstrance, uniq_joseph
D:8:      layout_loops_cross, grunt_temple_overflow_opulence, enter_bailey_2,
          kennysheep_donut, uniq_psyche, uniq_pikel, uniq_maggie
D:9:      layout_irregular_city, grunt_dithmenos_shadows, eino_curves_02
Temple:   minmay_temple_curvy_branch

Skill      XL: |  1  2  3  4  5  6  7  8  9 10 11 |
---------------+----------------------------------+-----
Axes           | 2 3 4 5 6 7 |  7.1
Fighting       | 4 5 6 7 8 |  8.9
Armour         | 4 5 6 7 8 9 |  9.0
Shields        | 4 5 6 7 8 9 |  9.0
Invocations    | 2 3 5 6 7 |  7.2
Throwing       | 4 5 |  5.2

Action                   |  1- 3 |  4- 6 |  7- 9 | 10-12 || total
-------------------------+-------+-------+-------+-------++-------
Melee: War axe           |    85 |   171 |   452 |   168 ||   876
       Broad axe         |       |       |       |    63 ||    63
 Fire: Sling             |       |       |    17 |       ||    17
Invok: Divine Shield     |       |       |       |     7 ||     7
  Use: Potion            |       |     1 |     3 |     6 ||    10
Armor: Scale mail        |    14 |       |       |       ||    14
       Plate armour      |    39 |   177 |   436 |   241 ||   893
       Skin              |       |       |       |     4 ||     4
Dodge: Dodged            |    32 |    52 |   184 |    63 ||   331
Block: Buckler           |    12 |    37 |   149 |   159 ||   357
